Cogmind - Beta 11.1 @@@ ROGUE MODE // 2022.11.15 @ 21:58:49 Player: Themeralderp Result: Self-destructed Performance ------------- Evolutions (1) 500 Regions Visited (6) 1200 Robots Destroyed (32) 160 Value Destroyed (633) 633 Prototype IDs (11) 220 Alien Tech Used (0) 0 Bonus (333) 333 TOTAL SCORE: 3046 Bonus ------- Follower Combat Kills 33 Aligned with FarCom 300 Cogmind --------- Core Integrity 167/400 Matter 265/300 Energy 100/100 System Corruption 5% Temperature Cool (0) Movement Core (200) Ox3 Location -8/Mines Parts ------- > --- POWER (1) -------- (None) > --- PROPULSION (4) --- (None) > --- UTILITY (2) ------ Medium Storage Unit > --- WEAPON (2) ------- (None) > --- INVENTORY (10) --- Signal Interpreter Hacking Suite Improved EM Shotgun Beam Rifle Improved Medium Laser Rocket Launcher Datajack Peak State ------------ > --- POWER ------------ Light Ion Engine > --- PROPULSION ------- Hover Unit Hover Unit Hover Unit > --- UTILITY ---------- Medium Storage Unit Chronowheel > --- WEAPON ----------- Improved Light Cannon > --- INVENTORY -------- Seismic Detector Hacking Suite Improved EM Shotgun Improved EM Shotgun Improved EM Shotgun Beam Rifle Improved Medium Laser Rocket Launcher Datajack [Rating: 22] Favorites ----------- Power Light Ion Engine Engine Light Ion Engine Propulsion Hover Unit Wheel Wheel Hover Unit Hover Unit Utility Seismic Detector Device Seismic Detector Storage Small Storage Unit Processor 0b10 Alert Chip Weapon Particle Cannon Energy Gun Improved EM Shotgun Energy Cannon Particle Cannon Ballistic Gun Assault Rifle Ballistic Cannon Improved Light Cannon Special Weapon Mining Laser Build | -11 -10 -10 -9 -9 -9 -8 ------- Run | Scr Mat Min Mat Min Exi Min Slots Evolved 2 | . . . 2 . . . Power . | . . . . . . . Propulsion 2 | . . . 2 . . . Utility . | . . . . . . . Weapon . | . . . . . . . Parts Attached 38 | 7 13 3 7 . 3 5 Power 5 | 1 2 1 . . . 1 Engine 5 | 1 2 1 . . . 1 Core . | . . . . . . . Reactor . | . . . . . . . Propulsion 10 | 2 5 1 2 . . . Treads . | . . . . . . . Leg . | . . . . . . . Wheel 5 | 2 3 . . . . . Hover 5 | . 2 1 2 . . . Flight . | . . . . . . . Utility 8 | 2 2 . 1 . 3 . Device 4 | 1 1 . . . 2 . Storage 3 | 1 1 . 1 . . . Processor 1 | . . . . . 1 . Hackware . | . . . . . . . Protection . | . . . . . . . Artifact . | . . . . . . . Weapon 15 | 2 4 1 4 . . 4 Energy Gun 7 | . 2 . 1 . . 4 Energy Cannon 4 | . 2 . 2 . . . Ballistic Gun 2 | 2 . . . . . . Ballistic Cannon 1 | . . . 1 . . . Launcher . | . . . . . . . Special Weapon 1 | . . 1 . . . . Impact Weapon . | . . . . . . . Slashing Weapon . | . . . . . . . Piercing Weapon . | . . . . . . . Special Melee Weapon . | . . . . . . . Unidentified Prototypes 2 | . . . . . 2 . Parts Lost 13 | . 3 2 1 . . 7 Power 3 | . 1 1 . . . 1 Propulsion 7 | . 2 1 1 . . 3 Utility 1 | . . . . . . 1 Weapon 2 | . . . . . . 2 Highest Loss Streak 4 | . 2 2 1 . . 4 To Critical Strikes . | . . . . . . . Average Slot Usage (%) 84 | . 98 90 82 78 76 50 Engine 12 | . 14 13 11 11 11 8 Wheel 4 | . 12 . . . . . Hover 22 | . 14 27 27 33 33 15 Device 11 | . 14 14 11 11 10 . Storage 12 | . 14 14 11 11 11 11 Energy Gun 4 | . 7 . 1 1 . 15 Energy Cannon 10 | . 13 18 13 . . . Ballistic Gun 2 | . 7 . . . . . Ballistic Cannon 3 | . . . 6 11 11 . Naked Turns . | . . . . . . . Heaviest Build 22 | 12 17 17 22 21 18 19 Greatest Support 26 | 26 26 12 18 18 18 18 Greatest Overweight (x) 3 | . 1 1 1 1 . 3 Average Overweight (x) . | . . . . . . . Largest Inventory Capacity 10 | 8 8 8 10 10 10 10 Average Capacity 8 | 7 8 8 9 10 10 10 Most Carried 10 | 5 8 8 10 10 10 10 Average Carried 7 | 2 6 7 7 10 9 7 Final Capacity 10 | 8 8 8 10 10 10 10 Final Carried 10 | 4 8 6 10 10 10 7 Class Distribution -------------------- 82% | Mutant 17% | Scavenger-Mutant Dominant Class ---------------- Mutant | -10/Materials Mutant | -10/Mines Mutant | -9/Materials Scavenger-Mutant | -9/Mines Scavenger-Mutant | -9/Exiles Mutant | -8/Mines Resources | -11 -10 -10 -9 -9 -9 -8 ----------- Run | Scr Mat Min Mat Min Exi Min Matter Collected 668 | 255 201 42 127 . . 43 Remotely . | . . . . . . . Salvage Created 1066 | 93 409 61 308 . . 195 Parts 58 | 4 20 5 22 . . 7 Haulers Intercepted 4 | . 1 . 3 . . . Recyclers Shooed 2 | . 2 . . . . . Parts Field Recycled . | . . . . . . . Retrieved Matter . | . . . . . . . Parts Self-Destructed . | . . . . . . . Prevented . | . . . . . . . Kills | -11 -10 -10 -9 -9 -9 -8 ------- Run | Scr Mat Min Mat Min Exi Min Combat Hostiles Destroyed 17 | . 4 4 5 . . 4 Guns 5 | . 4 . . . . 1 Cannons 8 | . . 4 4 . . . AOE 3 | . . . . . . 3 Classes Destroyed 10 | 2 4 2 1 . . 1 Worker 3 | . 3 . . . . . Builder 1 | . . . . . . 1 Tunneler 3 | 2 1 . . . . . Hauler 4 | . 1 . 3 . . . Recycler 2 | 1 1 . . . . . Operator 2 | . . . 2 . . . Watcher 1 | . 1 . . . . . Swarmer 4 | . . 3 . . . 1 Grunt 12 | . 4 . 5 . . 3 Assembled 1 | . . 1 . . . . Best Kill Streak 4 | 3 4 3 2 . . 4 Combat Bots Only 3 | . 2 3 2 . . 3 Max Kills in Single Turn 2 | 1 1 1 1 . . 2 Gunslinging . | . . . . . . . Exploded 1 | . . . . . . 1 Melee . | . . . . . . . Uniques/NPCs Destroyed . | . . . . . . . Combat | -11 -10 -10 -9 -9 -9 -8 -------- Run | Scr Mat Min Mat Min Exi Min Damage Taken 1229 | . 352 241 132 . . 504 Core 391 | . 52 106 43 . . 190 Absorbed by Shields . | . . . . . . . Core Remaining (%) 68 | 100 . 36 . . . . Volleys Fired 78 | 7 37 5 22 . . 7 Largest 2 | 2 2 2 2 . . 2 Hottest 136 | 40 136 136 136 . . 90 Shots Fired 154 | 14 72 10 44 . . 14 Gun 100 | 14 66 . 6 . . 14 Cannon 54 | . 6 10 38 . . . Launcher . | . . . . . . . Special . | . . . . . . . Kinetic 58 | 14 30 . 14 . . . Thermal 82 | . 42 10 30 . . . Explosive . | . . . . . . . Electromagnetic 14 | . . . . . . 14 Robot Hit Streak 13 | 6 8 2 13 . . 4 Robot Miss Streak 3 | 2 3 3 2 . . 2 Penetration Max . | . . . . . . . Secondary Targets 1 | . 1 . . . . . Max Gunslinging Chain 1 | . 1 . . . . . Shots Hit Robots 107 | 10 50 4 30 . . 13 Core Hits 50 | 5 20 4 10 . . 11 Critical Kills 1 | . . . 1 . . . Critical Parts Destroyed . | . . . . . . . Critical Strikes 7 | . 5 . 2 . . . Burn 6 | . 5 . 1 . . . Meltdown 1 | . . . 1 . . . Melee Attacks . | . . . . . . . Impact . | . . . . . . . Slashing . | . . . . . . . Piercing . | . . . . . . . Sneak Attacks . | . . . . . . . Combat Hostiles . | . . . . . . . Follow-up Attacks . | . . . . . . . Damage Inflicted 1908 | 117 668 103 582 . . 438 Guns 993 | 117 647 . 70 . . 159 Cannons 636 | . 21 103 512 . . . Explosions 279 | . . . . . . 279 Melee . | . . . . . . . Ramming . | . . . . . . . Kinetic 578 | 117 298 . 163 . . . Thermal 1171 | . 370 103 419 . . 279 Explosive . | . . . . . . . Electromagnetic 159 | . . . . . . 159 Impact . | . . . . . . . Slashing . | . . . . . . . Piercing . | . . . . . . . Highest Corruption 5 | . 1 1 . . . 5 Average Corruption 1 | . 1 1 . . . 5 Corruption Purged . | . . . . . . . Corruption Blocked . | . . . . . . . Effects 6 | . 6 . . . . . Message Errors 1 | . 1 . . . . . Matter Fused 2 | . 2 . . . . . Energy Discharges 1 | . 1 . . . . . Data Loss (major) 1 | . 1 . . . . . Weapon Failures 1 | . 1 . . . . . Overload Shots . | . . . . . . . Overflow Damage 11 | . . . 11 . . . Projectiles 11 | . . . 11 . . . Explosions . | . . . . . . . Melee . | . . . . . . . Knockbacks 1 | . . . 1 . . . Impact . | . . . . . . . Kinetic 1 | . . . 1 . . . Secondary . | . . . . . . . Self-Inflicted Damage 10 | . . . . . . 10 Shots 1 | . . . . . . 1 Rammed . | . . . . . . . Targets Rammed . | . . . . . . . Kicked . | . . . . . . . Crushed . | . . . . . . . Highest Temperature 324 | . 162 324 272 . . 166 Average Temperature 83 | . 55 139 95 . . 95 Received Heat Transfer 414 | . 201 . 60 . . 153 Siege Activations . | . . . . . . . Robots Corrupted . | . . . . . . . Combat Hostiles . | . . . . . . . Parts Fried . | . . . . . . . Impact Corruptions . | . . . . . . . Robots Melted 1 | . . . 1 . . . Combat Hostiles 1 | . . . 1 . . . Parts Melted 6 | . 5 1 . . . . Heat Transferred 2680 | . 1407 185 888 . . 200 Parts Sabotaged . | . . . . . . . Parts Stolen . | . . . . . . . Parts Stripped . | . . . . . . . Power Chain Reactions 3 | . . . . . . 3 Missiles Intercepted . | . . . . . . . Alert | -11 -10 -10 -9 -9 -9 -8 ------- Run | Scr Mat Min Mat Min Exi Min Peak Influence 374 | 15 149 98 374 79 . 171 Initial 79 | . 9 13 18 79 . . Average 99 | 4 45 75 218 79 . 116 Maximum Alert Level 1 | . . . 1 . . . Low Security (%) 86 | 100 100 100 40 100 . 100 Level 1 13 | . . . 59 . . . Level 2 . | . . . . . . . Level 3 . | . . . . . . . Level 4 . | . . . . . . . Level 5 . | . . . . . . . High Security . | . . . . . . . Max Security . | . . . . . . . Squads Dispatched 3 | . 1 . 2 . . . Investigation . | . . . . . . . Extermination . | . . . . . . . Reinforcement 3 | . 1 . 2 . . . Assault . | . . . . . . . Garrison . | . . . . . . . Intercept . | . . . . . . . Searches Triggered . | . . . . . . . Construction Impeded . | . . . . . . . Haulers Reinforced . | . . . . . . . Active Scanning Responses . | . . . . . . . Cargo Convoy Interrupts . | . . . . . . . Stealth | -11 -10 -10 -9 -9 -9 -8 --------- Run | Scr Mat Min Mat Min Exi Min Distress Signals . | . . . . . . . Communications Jammed . | . . . . . . . Distress Signals . | . . . . . . . Times Spotted 51 | . 6 16 13 . . 16 Peak Tracking Total 11 | . 2 11 3 . . 6 Tactical Retreats 6 | . . 2 2 . . 2 Traps | -11 -10 -10 -9 -9 -9 -8 ------- Run | Scr Mat Min Mat Min Exi Min Traps Triggered 1 | . 1 . . . . . Indirectly . | . . . . . . . Trap Hack Attempts . | . . . . . . . Triggered . | . . . . . . . Disarmed . | . . . . . . . Reprogrammed . | . . . . . . . Reused . | . . . . . . . Traps Extracted . | . . . . . . . Installed . | . . . . . . . Triggered . | . . . . . . . Exploded 1 | . . . . . 1 . Machines | -11 -10 -10 -9 -9 -9 -8 ---------- Run | Scr Mat Min Mat Min Exi Min Machines Disabled 3 | . 1 . 2 . . . Max in Single Turn 1 | . 1 . 1 . . . Machines Sabotaged . | . . . . . . . Garrisons Compromised . | . . . . . . . Overloaded Fab Kills . | . . . . . . . Hacking | -11 -10 -10 -9 -9 -9 -8 --------- Run | Scr Mat Min Mat Min Exi Min Machines Accessed 9 | . 5 . 4 . . . Terminals 9 | . 5 . 4 . . . Fabricators . | . . . . . . . Repair Stations . | . . . . . . . Recycling Units . | . . . . . . . Scanalyzers . | . . . . . . . Garrison Access . | . . . . . . . Total Hacks 30 | . 21 . 9 . . . Successful 15 | . 9 . 6 . . . Failed 15 | . 12 . 3 . . . Catastrophic 1 | . 1 . . . . . Database Lockouts . | . . . . . . . Manual 10 | . 9 . . . 1 . Terminals 30 | . 21 . 9 . . . Fabricators . | . . . . . . . Repair Stations . | . . . . . . . Recycling Units . | . . . . . . . Scanalyzers . | . . . . . . . Garrison Access . | . . . . . . . Terminal Hacks 15 | . 9 . 6 . . . Part Schematic 1 | . 1 . . . . . Prototype ID Bank 7 | . 5 . 2 . . . Branch Access Points 2 | . 1 . 1 . . . Repair Station Index 1 | . . . 1 . . . Locate Traps 1 | . 1 . . . . . Transport Status 1 | . . . 1 . . . Hauler Manifests 1 | . . . 1 . . . Zone Layout 1 | . 1 . . . . . Fabricator Hacks . | . . . . . . . Repair Station Hacks . | . . . . . . . Recycling Unit Hacks . | . . . . . . . Scanalyzer . | . . . . . . . Garrison Access Hacks . | . . . . . . . Unauthorized Hacks . | . . . . . . . Terminals . | . . . . . . . Fabricators . | . . . . . . . Repair Stations . | . . . . . . . Recycling Units . | . . . . . . . Scanalyzers . | . . . . . . . Garrison Access . | . . . . . . . Data Cores Recovered . | . . . . . . . Used . | . . . . . . . Hacking Detections 9 | . 5 . 4 . . . Full Trace Events 1 | . . . 1 . . . Feedback Events . | . . . . . . . Feedback Blocked . | . . . . . . . Robot Schematics Acquired . | . . . . . . . Robots Built . | . . . . . . . Authchips . | . . . . . . . Time . | . . . . . . . Total Robot Build Rating . | . . . . . . . Part Schematics Acquired 1 | . 1 . . . . . Parts Built . | . . . . . . . Authchips . | . . . . . . . Time . | . . . . . . . Total Part Build Rating . | . . . . . . . Parts Repaired . | . . . . . . . Time . | . . . . . . . Parts Recycled . | . . . . . . . Recycled Matter . | . . . . . . . Retrieved Matter . | . . . . . . . Retrieved Components . | . . . . . . . Parts Scanalyzed . | . . . . . . . Part Schematics Acquired . | . . . . . . . Parts Damaged . | . . . . . . . Bothacking | -11 -10 -10 -9 -9 -9 -8 ------------ Run | Scr Mat Min Mat Min Exi Min Used RIF Installer . | . . . . . . . Robots Hacked . | . . . . . . . Non-combat . | . . . . . . . Combat . | . . . . . . . Robot Hacks Applied . | . . . . . . . Relay Couplers Released . | . . . . . . . Fabnet Peak Effective % . | . . . . . . . Robots Rewired . | . . . . . . . Allies Hacked . | . . . . . . . Hacks Repelled . | . . . . . . . Allies | -11 -10 -10 -9 -9 -9 -8 -------- Run | Scr Mat Min Mat Min Exi Min Total Allies 4 | . . 4 . . . . Largest Group 3 | . . 3 1 . . . Highest-Rated Group 40 | . . 40 31 . . . Highest-Rated Ally 31 | . . 31 31 . . . Total Orders . | . . . . . . . Ally Attacks 28 | . . 21 7 . . . Total Damage 288 | . . 182 106 . . . Kills 4 | . . 3 1 . . . Allies Corrupted . | . . . . . . . Allies Melted . | . . . . . . . Intel | -11 -10 -10 -9 -9 -9 -8 ------- Run | Scr Mat Min Mat Min Exi Min Robot Analysis Total . | . . . . . . . Derelict Logs Recovered 2 | . . 1 . 1 . . Drone Launches . | . . . . . . . Drone Recoveries . | . . . . . . . Exploration | -11 -10 -10 -9 -9 -9 -8 ------------- Run | Scr Mat Min Mat Min Exi Min Turns Passed 1999 | 86 667 338 417 83 172 236 Spaces Moved 1658 | 55 450 333 285 147 265 123 Core 7 | 7 . . . . . . Treads . | . . . . . . . Legs . | . . . . . . . Wheels 226 | 48 178 . . . . . Hover 1425 | . 272 333 285 147 265 123 Flight . | . . . . . . . Fastest Speed 50 | 50 56 56 52 52 52 52 Average Speed 85 | 84 102 87 88 55 52 113 Slowest Speed 240 | 90 116 116 116 112 52 240 Overloaded Moves . | . . . . . . . Propulsion Burnouts . | . . . . . . . Robots Hopped . | . . . . . . . Cave-ins Triggered 1 | . . 1 . . . . Exploration Rate (%) 41 | 4 49 75 25 42 65 28 Regions Visited 6 Branch Regions 4 Pre-discovered Areas 2 | . . . . 2 . . Known Exits Taken 2 | . 1 . 1 . . . Unknown Exits Taken 4 | 1 . 1 . 1 1 . Scrap Searched 1 | . . 1 . . . . Spaces Dug . | . . . . . . . Terrain Destroyed 12 | . . . 1 . . 11 Melee . | . . . . . . . Projectile 1 | . . . 1 . . . AOE 11 | . . . . . . 11 Terrain Rammed . | . . . . . . . Walls Destroyed . | . . . . . . . Machines Disabled . | . . . . . . . Actions | -11 -10 -10 -9 -9 -9 -8 --------- Run | Scr Mat Min Mat Min Exi Min Total 2099 | 81 587 368 408 148 300 207 Wait 241 | 2 47 25 74 1 25 67 Move 1652 | 54 449 332 284 146 264 123 Hop . | . . . . . . . Pick Up 54 | 11 24 1 14 . 4 . Fast Attach . | . . . . . . . Attach 28 | 7 7 3 4 . 2 5 Detach 3 | . . . . . . 3 Swap 10 | . 6 . 3 . 1 . Drop 33 | . 17 2 7 1 4 2 Fire 78 | 7 37 5 22 . . 7 Melee . | . . . . . . . Ram . | . . . . . . . Kick . | . . . . . . . Crush . | . . . . . . . Escape Stasis . | . . . . . . . Rewire . | . . . . . . . Trap . | . . . . . . . Miscellaneous . | . . . . . . . Route ------- -11/Scrapyard -10/Materials (discovered 2 exits: *Mat / *Min) -10/Mines -9/Materials (discovered 2 exits: *Min x2) -9/Mines -9/Exiles -8/Mines History --------- Turn | Location | Event 5 | -11/Scrapyard | Discovered new exit (range 15) 87 | -11/Scrapyard | Entered Materials 122 | -10/Materials | Identified exit to Mines 330 | -10/Materials | Build established: Mutant 675 | -10/Materials | Discovered new exit (range 16) 754 | -10/Materials | Entered Mines 799 | -10/Mines | Met a Derelict bent on vengeance 875 | -10/Mines | Assisted by bots powering up and referring to "LRC-V3" 944 | -10/Mines | Assembled infested the area 996 | -10/Mines | Found a hidden stash of uninstalled traps 1005 | -10/Mines | Crushed by falling debris 1005 | -10/Mines | Core integrity fell below 50% 1028 | -10/Mines | Learned location of 1 exit from Materials 1044 | -10/Mines | Discovered new exit (range 9) 1064 | -10/Mines | Received a Mining Laser from a helpful Derelict 1092 | -10/Mines | Entered Materials 1092 | -9/Materials | Accompanied by 1 ally 1092 | -9/Materials | Evolved 2 slots: Propulsion x2 1093 | -9/Materials | Identified exit to Mines 1509 | -9/Materials | Entered Mines 1528 | -9/Mines | Learned location of Storage (-7) 1589 | -9/Mines | Deemed a non-threat by the Exiles lab entrance 1590 | -9/Mines | Discovered new exit (range 5) 1592 | -9/Mines | Entered Exiles 1605 | -9/Exiles | Met 8R-AWN 1614 | -9/Exiles | Met EX-HEX 1635 | -9/Exiles | Met EX-DEC 1650 | -9/Exiles | Met EX-BIN 1656 | -9/Exiles | Aligned with FarCom system 1657 | -9/Exiles | Given EX-Vault access code 1669 | -9/Exiles | Opened EX-Vault 1672 | -9/Exiles | Found Prototype Processor 1673 | -9/Exiles | Identified 0b10 Alert Chip 1677 | -9/Exiles | Found Prototype Device 1678 | -9/Exiles | Identified Chronowheel 1678 | -9/Exiles | Activated Chronowheel 1695 | -9/Exiles | Warned to stay clear of 0b10 Research branches 1701 | -9/Exiles | Exiles lab attacked by MAIN.C 1722 | -9/Exiles | Build established: Scavenger-Mutant 1759 | -9/Exiles | Discovered new exit (range 14) 1764 | -9/Exiles | Entered Mines 1994 | -8/Mines | Core integrity fell below 50% 2000 | -8/Mines | Self-destructed Last Messages --------------- 01857_ U-05 Engineer builds a Wall. 01859_ Chain reaction triggered in Lgt. Angular Momentum Engine. 01859_ G-50 Soldier destroyed. 01859_ U-05 Engineer destroyed. 01863_ Hover Unit destroyed. 01865_ Chain reaction triggered in Lgt. Nuclear Core. 01865_ G-47 Trooper destroyed. 01882_ Acquired 19 matter. 01885_ Acquired 10 matter. 01922_ K-01 Serf collects debris. 01969_ R-06 Scavenger collects Corrupted Aluminum Leg. 01973_ R-06 Scavenger collects Wheel. 01986_ K-01 Serf collects debris. 01991_ Lgt. Ion Engine destroyed. 01993_ K-01 Serf collects debris. 01998_ Imp. EM Shotgun destroyed. 01999_ Hover Unit destroyed. 01999_ System corrupted by crushing effect (+5). 02000_ Imp. EM Shotgun destroyed. 02000_ K-01 Serf collects debris. Map ----- +----------------------------------------------------+ | ???????????????????????????????????????? | | ???????????????????????????????????????? | | ???????????????????????????????????????? | | ???????????????????????????????????????? | | ????????????????????????? ?????????????? | | ????????????????????????? ?????????????? | | ????????????????????????? ?????????????? | | ????????????????????????? #????????????? | | ????#####???????????????? #????????????? | | ???## ##???????s??????? #????????????? | | ???# #???????s??????# #????????????? | | ??## #???????s??????# #????????????? | | ??#" "#????????????### ####?????????? | | ??## = "#???????????## ##????????? | | ??#"!% "#???????????# #????????? | | ??#" %#???????????# ## #????????? | | ??#; ##??????????# ## #????????? | | ??# ##?????????# # #????????? | | ??# k ##???????## # #??####??? | | ??## ####???## #??# ##?? | | ???# ##### ## #?## #?? | | ???## ## ### ### ##? | | ????###### rs #####?# ## ## | | ?????????### sgs###?????#s s | | ???????????## bg##???????# ### | | ???????????## @ #??????# #?# | | ?????????### ##??????# ####?## | | ????????## ####???????# ??????###### | | ????????# ##??????????#????????????## | | ????????## ##?????????????????????????# | | ?????????####??????????????????????????? | | ???????????????????????????????????????? | | ???????????????????????????????????????? | | ???????????????????????????????????????? | | ???????????????????????????????????????? | | ???????????????????????????????????????? | | ???????????????????????????????????????? | | ???????????????????????????????????????? | | ???????????????????????????????????????? | | ???????????????????????????????????????? | | ???????????????????????????????????????? | | ???????????????????????????????????????? | | ???????????????????????????????????????? | | ???????????????????????????????????????? | | ???????????????????????????????????????? | | ???????????????????????????????????????? | | ???????????????????????????????????????? | | ???????????????????????????????????????? | | ???????????????????????????????????????? | | ???????????????????????????????????????? | +----------------------------------------------------+ Best States ------------- Heat Dissipation 28 Energy Generation 10 Energy Capacity 125 Matter Stores 300 Matter Capacity 300 Sight Range 16 Terrain Scan Density 10 Evasion (%) 54 Item Schematics ----------------- Hover Unit | -10/Materials | Hacked Robot Schematics ------------------ None Fabricated ------------ Nothing Alien Tech Used ----------------- None Achievements -------------- None Challenges ------------ None Game ------ Seed ArmageddonTractorDevice Manual? 0 Play Time 00:29:50 Cumulative 37.5 hours Start 2022.11.14 @ 09:34:31 End 2022.11.15 @ 21:58:49 Sessions 6 Manual Loads 0 Difficulty Rogue Special Mode None Game No. 18 Rogue 12 Adventurer 6 Explorer 0 Win Type - Total 0 Types 0/0/0/0/0/0/0/0/0 Lore% 28 Gallery% 35 Achievement% 31 Wizard Run 0 Options --------- ASCII 0 Keyboard 0 Movement Numpad Keybinds 0 Fullscreen 1 Font 18/SmallcapsGlow Map View 76x50 Tactical HUD 1 Map Filters NONE Filters NONE Steam 1 RUN: 86957ef9-cc19-496f-9f61-e5f354269d4a